PAA
TACOMA FUR TRADERS @ MERCER ISLAND SCREAMING EAGLES
07/21/2025
 
TOP OF THE 1ST
Tacoma Fur Traders batting - Pitching for Mercer Island Screaming Eagles : RHP Fernando Reyna
Pitching: RHP Fernando Reyna
Batting: RHB Andy Moore 0-0: Ball
1-0: Fly out, F8 (Flyball, 8RM)
Batting: RHB Jenkins Hall 0-0: Ball
1-0: Foul Ball, location: 2F
1-1: Called Strike
1-2: Ball
2-2: Ball
3-2: Base on Balls
Batting: RHB Rubén Alvarado 0-0: Ball
1-0: Swinging Strike
1-1: Ball
Wild Pitch!
Jenkins Hall to second
2-1: Swinging Strike
2-2: Fly out, F9 (Line Drive, 9LM)
Batting: RHB Luis Flores 0-0: Called Strike
0-1: Ball
1-1: Foul Ball, location: 2F
1-2: Ball
2-2: Ground out 6-3 (Groundball, 6)
Top of the 1st over - 0 run(s), 0 hit(s), 0 error(s), 1 left on base; Tacoma 0 - Mercer Island 0
BOTTOM OF THE 1ST
Mercer Island Screaming Eagles batting - Pitching for Tacoma Fur Traders : RHP Ji Jing
Pitching: RHP Ji Jing
Batting: LHB Nelson Plasenia 0-0: Foul Ball, location: 2F
0-1: DOUBLE (Flyball, 78M)
Batting: RHB Alfredo García 0-0: Ball
1-0: Foul Ball, location: 2F
1-1: Foul Ball, location: 2F
1-2: Ball
2-2: SINGLE (Groundball, 56D)
Nelson Plasenia to third
Batting: LHB Miguel Pacheco 0-0: Called Strike
Alfredo García is caught stealing 2nd base
0-1: Ball
1-1: Fly out, F9 (Flyball, 89M)
Runner from 3rd tags up, OUT at HOME
Bottom of the 1st over - 0 run(s), 2 hit(s), 0 error(s), 0 left on base; Tacoma 0 - Mercer Island 0
TOP OF THE 2ND
Tacoma Fur Traders batting - Pitching for Mercer Island Screaming Eagles : RHP Fernando Reyna
Batting: RHB Iván Rodríguez 0-0: Called Strike
0-1: Fly out, F9 (Flyball, 9LM)
Batting: LHB Michael Whorton 0-0: Swinging Strike
0-1: Ball
1-1: Called Strike
1-2: Ball
2-2: SINGLE (Groundball, 5D)
Batting: RHB Tim Lehman 0-0: Ball
1-0: Ball
2-0: Called Strike
2-1: Swinging Strike
2-2: Ball
3-2: Strikes out swinging
Batting: RHB Rex Long 0-0: Ball
1-0: Foul Ball, location: 2F
1-1: Ball
2-1: Fielders Choice at 2nd, 5-4 (Groundball, 5)
Top of the 2nd over - 0 run(s), 1 hit(s), 0 error(s), 0 left on base; Tacoma 0 - Mercer Island 0
BOTTOM OF THE 2ND
Mercer Island Screaming Eagles batting - Pitching for Tacoma Fur Traders : RHP Ji Jing
Batting: LHB Jacob Herman 0-0: Ground out 4-3 (Groundball, 4S)
Batting: SHB Jorge Velázquez 0-0: SINGLE (Groundball, 4MD)
Batting: SHB León Estrada 0-0: Ball
1-0: Fly out, F6 (Line Drive, 6)
Batting: LHB Steve Grimes 0-0: Ball
1-0: Ball
2-0: Called Strike
2-1: Ball
3-1: Foul Ball, location: 2F
3-2: Base on Balls
Jorge Velázquez to second
Batting: RHB Wade Killefer 0-0: Ball
1-0: Called Strike
1-1: Foul Ball, location: 2F
1-2: Ball
2-2: Fly out, F9 (Flyball, 9S)
Bottom of the 2nd over - 0 run(s), 1 hit(s), 0 error(s), 2 left on base; Tacoma 0 - Mercer Island 0
TOP OF THE 3RD
Tacoma Fur Traders batting - Pitching for Mercer Island Screaming Eagles : RHP Fernando Reyna
Batting: SHB Vicente Pueblo 0-0: Ball
1-0: Ball
2-0: Foul Ball, location: 2F
2-1: Called Strike
2-2: Strikes out swinging
Batting: RHB Andy Moore 0-0: Ball
1-0: Ball
2-0: Ball
3-0: Base on Balls
Batting: RHB Jenkins Hall 0-0: Called Strike
0-1: Called Strike
0-2: Ball
1-2: Ball
2-2: Fielders Choice at 2nd, 4-6 (Groundball, 34)
Batting: RHB Rubén Alvarado 0-0: Ball
1-0: Fly out, F8 (Flyball, 8LM)
Top of the 3rd over - 0 run(s), 0 hit(s), 0 error(s), 1 left on base; Tacoma 0 - Mercer Island 0
BOTTOM OF THE 3RD
Mercer Island Screaming Eagles batting - Pitching for Tacoma Fur Traders : RHP Ji Jing
Batting: RHB Ron Gérard 0-0: Fly out, F9 (Flyball, 9LS)
Batting: LHB Nelson Plasenia 0-0: Foul Ball, location: 2F
0-1: Swinging Strike
0-2: Ball
1-2: Foul Ball, location: 2F
1-2: Strikes out swinging
Batting: RHB Alfredo García 0-0: Ball
1-0: Foul Ball, location: 2F
1-1: Fly out, F8 (Line Drive, 8LM)
Bottom of the 3rd over - 0 run(s), 0 hit(s), 0 error(s), 0 left on base; Tacoma 0 - Mercer Island 0
TOP OF THE 4TH
Tacoma Fur Traders batting - Pitching for Mercer Island Screaming Eagles : RHP Fernando Reyna
Batting: RHB Luis Flores 0-0: Ground out 6-3 (Groundball, 6)
Batting: RHB Iván Rodríguez 0-0: Ball
1-0: Called Strike
1-1: Foul Ball, location: 2F
1-2: Ball
2-2: Ball
3-2: Foul Ball, location: 2F
3-2: SOLO HOME RUN (Flyball, 78XD), Distance : 417 ft
Batting: LHB Michael Whorton 0-0: Ball
1-0: Called Strike
1-1: Foul Ball, location: 2F
1-2: Ball
2-2: Ball
3-2: Base on Balls
Batting: RHB Tim Lehman 0-0: Ball
1-0: SINGLE (Groundball, 3D)
Michael Whorton to second
Runner from 2nd tries for 3rd, SAFE, throw made to third
Batting: RHB Rex Long 0-0: Ball
1-0: Foul Ball, location: 2F
1-1: Called Strike
1-2: Ball
2-2: Ball
3-2: Fly out, F8 (Line Drive, 8LD)
Runner from 3rd tags up, SCORES, no throw
Batting: SHB Vicente Pueblo 0-0: Ball
1-0: Ball
2-0: Ball
3-0: Base on Balls
Tim Lehman to second
Batting: RHB Andy Moore 0-0: Fly out, F9 (Line Drive, 9)
Top of the 4th over - 2 run(s), 2 hit(s), 0 error(s), 2 left on base; Tacoma 2 - Mercer Island 0
BOTTOM OF THE 4TH
Mercer Island Screaming Eagles batting - Pitching for Tacoma Fur Traders : RHP Ji Jing
Batting: LHB Miguel Pacheco 0-0: Swinging Strike
0-1: Swinging Strike
0-2: Strikes out swinging, 2-3 out at first.
Batting: LHB Jacob Herman 0-0: Ball
1-0: Ball
2-0: Ball
3-0: Called Strike
3-1: Called Strike
3-2: Foul Ball, location: 2F
3-2: Base on Balls
Batting: SHB Jorge Velázquez 0-0: Fielders Choice at 2nd, 3-6 (Groundball, 3)
Batting: SHB León Estrada 0-0: Ball
1-0: Swinging Strike
1-1: Foul Ball, location: 2F
1-2: Ball
2-2: Ball
3-2: Base on Balls
Jorge Velázquez to second
Batting: LHB Steve Grimes 0-0: Ball
1-0: Ball
2-0: Called Strike
2-1: Foul Ball, location: 2F
2-2: Ball
3-2: Foul Ball, location: 2F
3-2: Ground out U3 (Groundball, 3)
Bottom of the 4th over - 0 run(s), 0 hit(s), 0 error(s), 2 left on base; Tacoma 2 - Mercer Island 0
TOP OF THE 5TH
Tacoma Fur Traders batting - Pitching for Mercer Island Screaming Eagles : RHP Fernando Reyna
Batting: RHB Jenkins Hall 0-0: Called Strike
0-1: Fly out, F4 (Popup, 4D)
Batting: RHB Rubén Alvarado 0-0: Ball
1-0: Called Strike
1-1: Fly out, F2 (Popup, 25)
Batting: RHB Luis Flores 0-0: Swinging Strike
0-1: Ball
1-1: Swinging Strike
1-2: Ball
2-2: Ground out U3 (Groundball, 34)
Top of the 5th over - 0 run(s), 0 hit(s), 0 error(s), 0 left on base; Tacoma 2 - Mercer Island 0
BOTTOM OF THE 5TH
Mercer Island Screaming Eagles batting - Pitching for Tacoma Fur Traders : RHP Ji Jing
Batting: RHB Wade Killefer 0-0: Ball
1-0: Ball
2-0: Foul Ball, location: 2F
2-1: Ground out 5-3 (Groundball, 5)
Batting: RHB Ron Gérard 0-0: Swinging Strike
0-1: Ground out 4-3 (Groundball, 4)
Batting: LHB Nelson Plasenia 0-0: Ball
1-0: Called Strike
1-1: Swinging Strike
1-2: Ball
2-2: Strikes out swinging
Bottom of the 5th over - 0 run(s), 0 hit(s), 0 error(s), 0 left on base; Tacoma 2 - Mercer Island 0
TOP OF THE 6TH
Tacoma Fur Traders batting - Pitching for Mercer Island Screaming Eagles : RHP Fernando Reyna
Batting: RHB Iván Rodríguez 0-0: Called Strike
0-1: Ball
1-1: Ball
2-1: Ball
3-1: Swinging Strike
3-2: Base on Balls
Batting: LHB Michael Whorton 0-0: Bunted foul
0-1: Bunted foul
0-2: Foul Ball, location: 2F
0-2: Ball
1-2: Reached on error, E6 (Groundball, 6)
Iván Rodríguez to second
Batting: RHB Tim Lehman 0-0: Swinging Strike
0-1: Bunt missed!
0-2: Ball
1-2: SINGLE (Line Drive, 3)
Iván Rodríguez to third
Michael Whorton to second
Pitching: LHP Fernando Torrez
Batting: RHB Rex Long 0-0: Called Strike
0-1: Grounds into fielders choice 6-2 (Groundball, 6)
Michael Whorton to third
Tim Lehman to second
Batting: SHB Vicente Pueblo 0-0: Called Strike
0-1: Ball
1-1: Foul Ball, location: 2F
1-2: Strikes out swinging
Batting: RHB Andy Moore 0-0: Ball
1-0: Called Strike
1-1: SINGLE (Groundball, 34D)
Michael Whorton scores
Tim Lehman to third
Rex Long to second
Runner from 3rd tries for Home, SAFE, throw made at trailing runner, OUT at third!
Top of the 6th over - 2 run(s), 2 hit(s), 1 error(s), 1 left on base; Tacoma 4 - Mercer Island 0
BOTTOM OF THE 6TH
Mercer Island Screaming Eagles batting - Pitching for Tacoma Fur Traders : RHP Ji Jing
Batting: RHB Alfredo García 0-0: Ball
1-0: Called Strike
1-1: DOUBLE (Line Drive, 8RD)
Batting: LHB Miguel Pacheco 0-0: Called Strike
0-1: Ball
1-1: Ground out 1-3 (Groundball, 13)
Alfredo García to third
Batting: LHB Jacob Herman 0-0: Called Strike
0-1: Ball
1-1: Foul Ball, location: 2F
1-2: Strikes out swinging
Batting: SHB Jorge Velázquez 0-0: Called Strike
0-1: Fly out, F3 (Popup, 34)
Bottom of the 6th over - 0 run(s), 1 hit(s), 0 error(s), 1 left on base; Tacoma 4 - Mercer Island 0
TOP OF THE 7TH
Tacoma Fur Traders batting - Pitching for Mercer Island Screaming Eagles : LHP Fernando Torrez
Batting: RHB Jenkins Hall 0-0: Ball
1-0: Called Strike
1-1: Ball
2-1: Swinging Strike
2-2: Strikes out looking
Batting: RHB Rubén Alvarado 0-0: Called Strike
0-1: Swinging Strike
0-2: Ball
1-2: Strikes out swinging
Batting: RHB Luis Flores 0-0: Swinging Strike
0-1: Ball
1-1: Foul Ball, location: 2F
1-2: Strikes out swinging
Top of the 7th over - 0 run(s), 0 hit(s), 0 error(s), 0 left on base; Tacoma 4 - Mercer Island 0
BOTTOM OF THE 7TH
Mercer Island Screaming Eagles batting - Pitching for Tacoma Fur Traders : RHP Ji Jing
Batting: SHB León Estrada 0-0: Fly out, F8 (Flyball, 8LS)
Batting: LHB Steve Grimes 0-0: Fly out, F9 (Flyball, 9)
Batting: RHB Wade Killefer 0-0: Ball
1-0: Foul Ball, location: 2F
1-1: Foul Ball, location: 2F
1-2: Fly out, F8 (Flyball, 8RD)
Bottom of the 7th over - 0 run(s), 0 hit(s), 0 error(s), 0 left on base; Tacoma 4 - Mercer Island 0
TOP OF THE 8TH
Tacoma Fur Traders batting - Pitching for Mercer Island Screaming Eagles : LHP Fernando Torrez
Batting: RHB Iván Rodríguez 0-0: Foul Ball, location: 2F
0-1: Ground out 5-3 (Groundball, 5)
Batting: LHB Michael Whorton 0-0: Ball
1-0: Foul Ball, location: 2F
1-1: Ground out 4-3 (Groundball, 4)
Batting: RHB Tim Lehman 0-0: SINGLE (Popup, 3D)
Batting: RHB Rex Long 0-0: Called Strike
0-1: Ball
1-1: Ball
2-1: Swinging Strike
2-2: Foul Ball, location: 2F
2-2: DOUBLE (Line Drive, 78D)
Tim Lehman to third
Runner from 3rd tries for Home, SAFE, no throw
Batting: SHB Vicente Pueblo 0-0: Foul Ball, location: 2F
0-1: Called Strike
0-2: Ball
1-2: Ball
2-2: Ball
3-2: Foul Ball, location: 2F
3-2: SINGLE (Flyball, 89S)
Rex Long to third
Rex Long scores
Batting: RHB Andy Moore 0-0: Ball
1-0: Ball
2-0: Fielders Choice at 2nd, 6-4 (Groundball, 56)
Top of the 8th over - 2 run(s), 3 hit(s), 0 error(s), 0 left on base; Tacoma 6 - Mercer Island 0
BOTTOM OF THE 8TH
Mercer Island Screaming Eagles batting - Pitching for Tacoma Fur Traders : RHP Ji Jing
Batting: RHB Ron Gérard 0-0: Called Strike
0-1: Swinging Strike
0-2: Foul Ball, location: 2F
0-2: Ball
1-2: Ground out 5-3 (Groundball, 56S)
Batting: LHB Nelson Plasenia 0-0: Ball
1-0: Ball
2-0: Foul Ball, location: 2F
2-1: Foul Ball, location: 2F
2-2: Strikes out looking
Batting: RHB Alfredo García 0-0: Called Strike
0-1: Ball
1-1: Ball
2-1: Fly out, F8 (Line Drive, 8LM)
Bottom of the 8th over - 0 run(s), 0 hit(s), 0 error(s), 0 left on base; Tacoma 6 - Mercer Island 0
TOP OF THE 9TH
Tacoma Fur Traders batting - Pitching for Mercer Island Screaming Eagles : LHP Fernando Torrez
Batting: RHB Jenkins Hall 0-0: Called Strike
0-1: Foul Ball, location: 2F
0-2: Foul Ball, location: 2F
0-2: Ball
1-2: Foul Ball, location: 2F
1-2: Foul Ball, location: 2F
1-2: Strikes out swinging
Pitching: RHP Ken Shelton
Batting: RHB Rubén Alvarado 0-0: Ball
1-0: Called Strike
1-1: Ball
2-1: Ball
3-1: Base on Balls
Batting: RHB Luis Flores 0-0: Called Strike
0-1: Ball
1-1: Swinging Strike
1-2: Foul Ball, location: 2F
1-2: Ball
2-2: Ball
Rubén Alvarado steals 2nd base
3-2: Foul Ball, location: 2F
3-2: Fly out, F6 (Line Drive, 6)
Batting: RHB Iván Rodríguez 0-0: Ball
1-0: Swinging Strike
1-1: Called Strike
1-2: Foul Ball, location: 2F
1-2: Ball
2-2: Ball
3-2: Strikes out swinging
Top of the 9th over - 0 run(s), 0 hit(s), 0 error(s), 1 left on base; Tacoma 6 - Mercer Island 0
BOTTOM OF THE 9TH
Mercer Island Screaming Eagles batting - Pitching for Tacoma Fur Traders : RHP Ji Jing
Batting: LHB Miguel Pacheco 0-0: Foul Ball, location: 2F
0-1: Fly out, F9 (Flyball, 9LM)
Batting: LHB Jacob Herman 0-0: Foul Ball, location: 2F
0-1: Foul Ball, location: 2F
0-2: Ground out 4-3 (Groundball, 4)
Batting: SHB Jorge Velázquez 0-0: SINGLE (Line Drive, 9S)
Pitching: RHP Jeff Pearce
Batting: SHB León Estrada 0-0: Called Strike
0-1: Ball
1-1: Swinging Strike
1-2: Ball
2-2: Strikes out looking
Bottom of the 9th over - 0 run(s), 1 hit(s), 0 error(s), 1 left on base; Tacoma 6 - Mercer Island 0
Friday, December 30th, 2016 - OOTP Baseball 17.12 Build 75